 Dungeon Crawl Stone Soup version 0.24.0-10-g970556be89 (webtiles) character file.

Game seed: 6343939262139349267, levelgen mode: deterministic

252 DavidChitty2 the Chopper (level 5, -7/47 HPs)
             Began as a Minotaur Fighter on Nov 4, 2019.
             Killed by nerve-wracking pain
             ... invoked by Grinder
              (9 damage)
             ... on level 4 of the Dungeon.
             The game lasted 00:02:49 (2426 turns).

DavidChitty2 the Chopper (Minotaur Fighter)         Turns: 2426, Time: 00:02:50

Health: -7/47      AC: 11    Str: 22    XL:     5   Next: 89%
Magic:  0/4        EV:  7    Int:  5    God:
Gold:   163        SH:  9    Dex:  9    Spells: 4/4 levels left

rFire    . . .     SeeInvis .   a - +0 war axe
rCold    . . .     Gourm    .   c - +0 shield
rNeg     . . .     Faith    .   b - +0 scale mail
rPois    .         Spirit   +   l - +2 hat
rElec    .         Reflect  .   r - scarf {Spirit}
rCorr    .         Harm     .   g - +1 pair of gloves
MR       .....                  (no boots)
Stlth    ..........             (no amulet)
HPRegen  0.15/turn              m - ring of flight
MPRegen  0.09/turn              (no ring)

@: no status effects
A: retaliatory headbutt, horns 2
a: Evoke Flight


You were on level 4 of the Dungeon.
You were not hungry.

You visited 1 branch of the dungeon, and saw 4 of its levels.

You collected 163 gold pieces.

Inventory:

Hand Weapons
 a - a +0 war axe (weapon)
Armour
 b - a +0 scale mail (worn)
 c - a +0 shield (worn)
 g - a +1 pair of gloves (worn)
   (You found it on level 2 of the Dungeon)
 l - a +2 hat (worn)
   (You found it on level 4 of the Dungeon)
 r - a scarf of spirit shield (worn)
   (You found it on level 3 of the Dungeon)
Jewellery
 m - a ring of flight (left hand)
   (You found it on level 2 of the Dungeon)
Scrolls
 h - a scroll of immolation {unknown}
 j - 3 scrolls of teleportation {unknown}
 k - 2 scrolls of enchant armour {unknown}
 n - a scroll of amnesia {unknown}
 p - 4 scrolls of remove curse {unknown}
Potions
 d - 2 potions of might
 f - 2 potions of lignification {unknown}
 i - 3 potions of curing {@q1}
 o - a potion of cancellation {unknown}
 q - a potion of brilliance {unknown}
Comestibles
 e - 7 rations {!d}
 s - 10 chunks of flesh


   Skills:
 + Level 4.7 Fighting
 * Level 5.1 Axes
 + Level 4.8 Armour
 + Level 4.7 Shields


You had 4 spell levels left.
You didn't know any spells.
Your spell library was empty.

Dungeon Overview and Level Annotations

Branches:
Dungeon (4/15)
 Temple: D:4-7

Altars:
Fedhas

Annotations:
D:4 Grinder


Innate Abilities, Weirdness & Mutations

You reflexively headbutt those who attack you in melee.
You have a pair of horns on your head.


Message History

Grinder gestures at you.
You suddenly lose the ability to move!
The orc hits you but does no damage. Grinder gestures at you.
You shrug off the repeated paralysis!
The orc hits you with a +0 club. Grinder hits you.
You writhe in agony.
The orc hits you but does no damage. Grinder hits you but does no damage.
Grinder hits you.
You writhe in agony.
* * * LOW HITPOINT WARNING * * *
The orc hits you but does no damage. Grinder hits you.
* * * LOW HITPOINT WARNING * * *
You can move again.
You are too injured to fight recklessly!
You are too injured to fight recklessly!
You are too injured to fight recklessly!
You are too injured to fight recklessly!
You are too injured to fight recklessly!
You are too injured to fight recklessly!
You are too injured to fight recklessly!
You are too injured to fight recklessly!
You slash Grinder! You slash the orc!
You kill the orc!
Grinder gestures at you. Pain shoots through your body!
* * * LOW HITPOINT WARNING * * *
You barely miss Grinder. You closely miss the orc. You block the orc's attack.
Grinder completely misses you. You furiously retaliate!
You headbutt Grinder, but do no damage. The orc hits you with a +0 dagger.
* * * LOW HITPOINT WARNING * * *
You slash Grinder! You slash the orc!
You kill the orc!
Grinder hits you but does no damage.
Your shield and scale mail prevent you from hitting Grinder.
You hit the orc. You block the orc's attack. Grinder hits you.
* * * LOW HITPOINT WARNING * * *
You writhe in agony.
* * * LOW HITPOINT WARNING * * *
The orc hits you but does no damage.
Grinder blinks!
You aren't carrying any items that you can evoke.
It was a potion of curing.
You feel better. You block the orc's attack. Grinder hits you!
* * * LOW HITPOINT WARNING * * *
You writhe in agony.
* * * LOW HITPOINT WARNING * * *
You closely miss Grinder. You closely miss the orc. The orc barely misses you.
You furiously retaliate!
You headbutt the orc!
You kill the orc!
Grinder gestures at you. Pain shoots through your body!
You die...

.##+#P.#####).)..#...##
............##)####...#
..........⌠...........#
....#+###.............##
.##+ ##'#..####.....#
#..#P.)..#..#..#
#..#..#..#...#.##
###########..####...#..#
......5@o...........#..#
........#.#####.....##.#
.......#).# #.....##..
......##.## #.....###.
.....##.## ##....# #.
....##.. #...## #. #.##
#.# ##.## ## .. .. ### #
..# ###


You could see Grinder and an orc.

Vanquished Creatures
  A crimson imp (D:2)
  2 worker ants
  4 adders
  2 worms
  3 dart slugs
  3 leopard geckos
  12 orcs
  6 giant cockroaches
  13 goblins
  7 hobgoblins
  8 jackals
  2 quokkas
  A ball python (D:2)
  5 bats
  13 frilled lizards
  13 kobolds
  10 rats
105 creatures vanquished.

Notes
Turn   | Place    | Note
-------+----------+-------------------------------------------
     0 | D:1      | DavidChitty2 the Minotaur Fighter began the quest for the
                  | Orb.
     0 | D:1      | Reached XP level 1. HP: 19/19 MP: 0/0
    88 | D:1      | Reached XP level 2. HP: 26/27 MP: 1/1
   158 | D:1      | Reached skill level 3 in Axes
   330 | D:1      | Reached XP level 3. HP: 31/33 MP: 2/2
   892 | D:2      | Found a blossoming altar of Fedhas.
   937 | D:2      | Reached skill level 4 in Axes
   937 | D:2      | Reached XP level 4. HP: 40/40 MP: 3/3
  1505 | D:3      | Reached XP level 5. HP: 46/47 MP: 4/4
  2155 | D:4      | Reached skill level 5 in Axes
  2405 | D:4      | Noticed Grinder
  2413 | D:4      | Paralysed by Grinder for 6 turns
  2425 | D:4      | HP: 2/47 [Grinder (4)]
  2426 | D:4      | Killed from afar by Grinder

Levels and vault maps discovered:
D:1:      sevenhm_arrival_forest_fort_small_5, layout_loops_ring,
          minmay_lizard_king
D:2:      layout_loops_ring, overflow_temple_1_default,
          nicolae_overflow_hidden_temple, first_ration
D:3:      layout_loops_ring, minmay_vboxes
D:4:      corexii_shack_village, layout_cave_pods, minivault_26, uniq_grinder

Skill      XL: |  1  2  3  4  5 |
---------------+----------------+-----
Axes           | 3 4 5 |  5.1
Shields        | 4 |  4.7
Fighting       | 4 |  4.7
Armour         | 4 |  4.8

Action                   |  1- 3 |  4- 6 || total
-------------------------+-------+-------++-------
Melee: War axe           |    91 |   129 ||   220
       Headbutt          |    16 |    21 ||    37
  Use: Potion            |       |     1 ||     1
  Eat: Chunk             |       |     5 ||     5
Armor: Scale mail        |    27 |    78 ||   105
Dodge: Dodged            |    34 |    29 ||    63
Block: Shield            |    55 |    78 ||   133
